[Event "Titled Tuesday Blitz February 28 Late 2023"]
[White "Forgacs, Attila Jr."]
[Black "De Souza, Cristiano Gomes"]
[WhiteFideId "773654"]
[BlackFideId "2151758"]
[WhiteElo "2168"]
[BlackElo "2068"]
[Result "0-1"]
[Round "05"]
[TimeControl "180+2"]
[Date "2023.02.28"]
[WhiteClock "0:00:18"]
[BlackClock "0:00:04"]

1. e4 c5 2. Nf3 d6 3. d4 cxd4 4. Nxd4 Nf6 5. Nc3 a6 6. f3 e5 7. Nb3 Be6 8. Be3 Nbd7 9. Qd2 Be7 10. g4 b5 11. O-O-O O-O 12. Rg1 b4 13. Nd5 Bxd5 14. exd5 a5 15. Kb1 a4 16. Nc1 Qa5 17. g5 Nh5 18. Bh3 Nc5 19. Bg4 Nf4 20. Bxf4 exf4 21. h4 b3 22. cxb3 axb3 23. Qxa5 Rxa5 24. a3 Ra4 25. Rge1 Bd8 26. Bf5 g6 27. Be4 f6 28. gxf6 Bxf6 29. h5 Kg7 30. hxg6 hxg6 31. Nd3 Nxd3 32. Rxd3 Rb8 33. Rg1 g5 34. Rh1 g4 35. Rh7+ Kg8 36. Rh6 Kf7 37. Rh7+ Bg7 38. Bf5 g3 39. Rd1 Rh8 40. Rxh8 Bxh8 41. Bh3 Bd4 42. Rd3 Be3 43. Rxb3 Kf6 44. Kc2 Ke5 45. Rd3 Ra7 46. Rd1 Rh7 47. Rh1 Kd4 48. b4 Bf2 49. a4 Ke3 50. a5 Kxf3 51. Bg2+ Kxg2 52. Rxh7 f3 53. b5 Kf1 54. b6 g2 55. Rg7 g1=Q 56. Rxg1+ Bxg1 57. Kd3 Kg2 58. Ke4 Bc5 59. b7 Ba7 60. Kf5 f2 61. Ke6 Bb8 62. a6 f1=Q 63. a7 Bxa7 64. Kd7 Qf4 65. Kc6 Qc4+ 66. Kd7 Qc5 67. b8=Q Bxb8 68. Ke6 Qd4 69. Kd7 Qe5 70. Kc6 Qc3+ 71. Kd7 Ba7 72. Ke6 Bc5 73. Kd7 Qe5 74. Kc6 Qe4 75. Kd7 Qxd5 76. Kc7 Qf3 77. Kd7 Be3 78. Ke6 d5 79. Kd6 d4 80. Kc5 d3+ 81. Kc4 d2 82. Kd3 d1=Q+ 83. Kc4 Qfe2+ 84. Kb4 Qec2 85. Ka3 Qb3# 0-1


[Site "https://www.chess.com"]

[Event "Titled Tuesday Blitz February 28 Late 2023"]
[White "Chabris, Christopher"]
[Black "Hoffmann, Asa"]
[WhiteFideId "2005263"]
[BlackFideId "2001470"]
[WhiteElo "2224"]
[BlackElo "2117"]
[Result "1-0"]
[Round "05"]
[TimeControl "180+2"]
[Date "2023.02.28"]
[WhiteClock "0:00:01"]
[BlackClock "0:00:01"]

1. e4 d6 2. d4 Nf6 3. Nc3 c6 4. f4 Qa5 5. Nf3 Nxe4 6. Bd3 Nxc3 7. Qd2 g6 8. bxc3 Bg7 9. O-O Bg4 10. Ng5 h6 11. Ne4 Nd7 12. Ng3 e6 13. a4 O-O-O 14. Ne4 Nf6 15. Ba3 Nxe4 16. Bxe4 Bf5 17. Bf3 h5 18. Bb4 Qc7 19. a5 a6 20. Qe3 Bf8 21. Ba3 d5 22. Bxf8 Rhxf8 23. Rfb1 Rd7 24. Rb2 Qd6 25. Rab1 Rc7 26. Be2 Re8 27. Qf2 Ree7 28. Qf1 Kd8 29. Qf2 Red7 30. Qh4+ Ke8 31. Qg5 c5 32. h3 cxd4 33. cxd4 Bxc2 34. Rf1 Bf5 35. g4 hxg4 36. hxg4 Be4 37. Rb3 Rc4 38. Rh3 Qf8 39. Qf6 Re7 40. Rh8 Qxh8 41. Qxh8+ Kd7 42. Qb8 Rc7 43. Rd1 f6 44. Qf8 f5 45. g5 Kd6 46. Qf6 Rg7 47. Qd8+ Rcd7 48. Qb6+ Ke7 49. Qc5+ Kf7 50. Kf2 Rh7 51. Ke3 Rh3+ 52. Kd2 Kg7 53. Qc8 Re7 54. Rc1 Rh2 55. Rc7 1-0


[Site "https://www.chess.com"]

[Event "Titled Tuesday Blitz February 28 Late 2023"]
[White "Hajiyev, Kanan"]
[Black "Floresvillar Gonzalez, Luis Migu"]
[WhiteFideId "13404148"]
[BlackFideId "5100542"]
[WhiteElo "2103"]
[BlackElo "2040"]
[Result "1-0"]
[Round "05"]
[TimeControl "180+2"]
[Date "2023.02.28"]
[WhiteClock "0:01:34"]
[BlackClock "0:01:07"]

1. d4 e6 2. c4 d5 3. Nf3 Be7 4. Nc3 Nf6 5. cxd5 exd5 6. Bf4 c6 7. Qc2 O-O 8. e3 Bg4 9. Ne5 Bh5 10. Bd3 Nbd7 11. g4 Bg6 12. Nxg6 hxg6 13. h4 Re8 14. h5 gxh5 15. gxh5 c5 16. O-O-O cxd4 17. exd4 Rc8 18. h6 Ne4 19. Bxe4 dxe4 20. hxg7 f5 21. Qb3+ Kxg7 22. Rdg1+ 1-0


[Site "https://www.chess.com"]

[Event "Titled Tuesday Blitz February 28 Late 2023"]
[White "Cueto, Jonny"]
[Black "Pein, Jonathan"]
[WhiteFideId "3300145"]
[BlackFideId "417092"]
[WhiteElo "2212"]
[BlackElo "2151"]
[Result "0-1"]
[Round "05"]
[TimeControl "180+2"]
[Date "2023.02.28"]
[WhiteClock "0:01:07"]
[BlackClock "0:01:52"]

1. d4 d6 2. Nc3 Nf6 3. e4 e5 4. Nf3 exd4 5. Nxd4 g6 6. Bf4 Bg7 7. Qd2 O-O 8. O-O-O Nc6 9. Nxc6 bxc6 10. Bh6 Re8 11. h4 Bh8 12. f3 Be6 13. h5 Qb8 14. hxg6 fxg6 15. Bg5 Qb4 16. Bxf6 Bxf6 17. Qh6 Re7 18. Qd2 Rb8 19. b3 Bxc3 0-1


[Site "https://www.chess.com"]

[Event "Titled Tuesday Blitz February 28 Late 2023"]
[White "Sabar, Ethmane Daouda"]
[Black "Bouget, Alexandre"]
[WhiteFideId "19600097"]
[BlackFideId "681318"]
[WhiteElo "1950"]
[BlackElo "2177"]
[Result "0-1"]
[Round "05"]
[TimeControl "180+2"]
[Date "2023.02.28"]
[WhiteClock "0:00:05"]
[BlackClock "0:01:02"]

1. b3 e5 2. Bb2 d6 3. e3 g6 4. d4 Bg7 5. dxe5 Nd7 6. Nf3 Nxe5 7. Nxe5 Bxe5 8. Bxe5 dxe5 9. Qxd8+ Kxd8 10. Nd2 c6 11. O-O-O Kc7 12. Nc4 f6 13. Nd6 Be6 14. Bc4 Bxc4 15. Nxc4 Ne7 16. Rd2 Rad8 17. Rhd1 Rxd2 18. Rxd2 Nd5 19. Kb2 b5 20. e4 Nf4 21. Ne3 Ne6 22. c3 a5 23. g3 Ra8 24. h4 a4 25. b4 Rf8 26. Ng4 h5 27. Ne3 f5 28. exf5 gxf5 29. Nc2 f4 30. Re2 Rf5 31. Ne1 Kd6 32. Nd3 Kd5 33. gxf4 e4 34. Nc5 Nxc5 35. bxc5 Rxf4 36. Kc2 Rxh4 37. Kd2 Rh3 38. a3 Rd3+ 39. Kc2 h4 40. Re1 h3 0-1


[Site "https://www.chess.com"]

[Event "Titled Tuesday Blitz February 28 Late 2023"]
[White "Carrasco Miranda, Andres"]
[Black "Fernandez Hernandez, Gerardo"]
[WhiteFideId "3405990"]
[BlackFideId "2207400"]
[WhiteElo "2183"]
[BlackElo "2210"]
[Result "1-0"]
[Round "05"]
[TimeControl "180+2"]
[Date "2023.02.28"]
[WhiteClock "0:01:36"]
[BlackClock "0:00:09"]

1. d4 Nf6 2. c4 c5 3. d5 b5 4. cxb5 a6 5. bxa6 g6 6. Nc3 Bg7 7. a7 Rxa7 8. e4 O-O 9. Nf3 Qa5 10. Bd2 d6 11. Nb5 Qb6 12. Nxa7 Qxa7 13. Bd3 Bg4 14. O-O Nfd7 15. Bc3 Ne5 16. Be2 Bxf3 17. Bxf3 Na6 18. Be2 Rb8 19. Qa4 Rb6 20. f4 Nd7 21. e5 Ndb8 22. e6 fxe6 23. Qe8+ Bf8 24. dxe6 Nc7 25. Qf7# 1-0


[Site "https://www.chess.com"]

[Event "Titled Tuesday Blitz February 28 Late 2023"]
[White "Rangel, Daniel"]
[Black "Sailer, Mike"]
[WhiteFideId "2124475"]
[BlackFideId "2012901"]
[WhiteElo "2256"]
[BlackElo "2109"]
[Result "1-0"]
[Round "05"]
[TimeControl "180+2"]
[Date "2023.02.28"]
[WhiteClock "0:00:29"]
[BlackClock "0:00:21"]

1. d4 d5 2. c4 Bf5 3. cxd5 Bxb1 4. Rxb1 Qxd5 5. Qa4+ Nc6 6. e3 e5 7. Bc4 Qxg2 8. d5 Bb4+ 9. Ke2 Ne7 10. dxc6 Nxc6 11. Bd2 Bxd2 12. Nf3 O-O-O 13. Rhg1 Qh3 14. Nxd2 Rxd2+ 15. Kxd2 Qxh2 16. Ke2 Qh5+ 17. Ke1 Rd8 18. Be2 Qf5 19. Bg4 1-0


[Site "https://www.chess.com"]

[Event "Titled Tuesday Blitz February 28 Late 2023"]
[White "Yano, William Jorge Froes"]
[Black "Khatena, Moshe"]
[WhiteFideId "2112949"]
[BlackFideId "2010461"]
[WhiteElo "2122"]
[BlackElo "2153"]
[Result "1-0"]
[Round "05"]
[TimeControl "180+2"]
[Date "2023.02.28"]
[WhiteClock "0:00:35"]
[BlackClock "0:00:22"]

1. e4 Nf6 2. e5 Nd5 3. Nc3 Nb6 4. Nf3 d6 5. d4 g6 6. Bf4 Bg7 7. Qd2 Nc6 8. O-O-O O-O 9. Bh6 Bg4 10. Bxg7 Kxg7 11. Qg5 Bxf3 12. gxf3 f6 13. Qg3 fxe5 14. dxe5 Qe8 15. e6 Rf6 16. Bh3 Qf8 17. Bg4 Ne5 18. h4 Nxg4 19. fxg4 Rf3 20. Qg1 Qf4+ 21. Kb1 Qb4 22. a3 Qc4 23. h5 Rxc3 24. bxc3 Qxc3 25. Rd3 Qe5 26. hxg6 h6 27. Qh2 Qxh2 28. Rxh2 Rf8 29. Rdh3 Kxg6 30. Rxh6+ Kg5 31. Rh8 Rf3 32. Rg8+ Kf4 33. Rf8+ Ke4 34. Rxf3 Kxf3 35. g5 Nd5 36. g6 Nf6 37. g7 Kf4 38. Rh8 Ke5 39. g8=Q Nxg8 40. Rxg8 Kxe6 41. Ra8 a6 42. Ra7 c5 43. Rxb7 1-0


[Site "https://www.chess.com"]

[Event "Titled Tuesday Blitz February 28 Late 2023"]
[White "Comas Fabrego, Lluis"]
[Black "Gerbelli Neto, Eduardo"]
[WhiteFideId "2200325"]
[BlackFideId "2103281"]
[WhiteElo "2523"]
[BlackElo "2178"]
[Result "1-0"]
[Round "05"]
[TimeControl "180+2"]
[Date "2023.02.28"]
[WhiteClock "0:00:02"]
[BlackClock "0:00:04"]

1. Nf3 Nf6 2. c4 c5 3. Nc3 d5 4. cxd5 Nxd5 5. e4 Nb4 6. Bb5+ N8c6 7. d4 cxd4 8. a3 Bd7 9. axb4 dxc3 10. bxc3 g6 11. Bc4 Bg7 12. Qb3 O-O 13. O-O Qc7 14. Bg5 Bg4 15. Rac1 Bxf3 16. gxf3 Ne5 17. Be2 Rac8 18. c4 h6 19. Be3 b6 20. c5 Qd7 21. f4 Nc6 22. cxb6 axb6 23. Bxb6 Nd4 24. Qd3 Rxc1 25. Rxc1 Nxe2+ 26. Qxe2 Qe6 27. Bc5 Rd8 28. Kg2 h5 29. e5 Qf5 30. Rd1 Re8 31. Qf3 e6 32. Rd7 Rc8 33. h3 Bh6 34. Be3 h4 35. b5 Rc3 36. b6 g5 37. b7 Rb3 38. Rd8+ Kg7 39. b8=Q Rxb8 40. Rxb8 gxf4 41. Qg4+ Qxg4+ 42. hxg4 fxe3 43. fxe3 Bxe3 44. Kf3 Bd4 45. Rb5 Kg6 46. Kg2 Kg5 47. Kh3 Kf4 48. Rb7 1-0


[Site "https://www.chess.com"]

[Event "Titled Tuesday Blitz February 28 Late 2023"]
[White "Vaglio Munoz, Jaime"]
[Black "Bongo Akanga Ndjila, Barthelemy"]
[WhiteFideId "6500145"]
[BlackFideId "10609431"]
[WhiteElo "2199"]
[BlackElo "1768"]
[Result "1-0"]
[Round "05"]
[TimeControl "180+2"]
[Date "2023.02.28"]
[WhiteClock "0:02:23"]
[BlackClock "0:02:29"]

1. Nf3 d5 2. b3 c5 3. Bb2 Nc6 4. e3 Qc7 5. Bb5 a6 6. Bxc6+ Qxc6 7. Ne5 Qc7 8. a4 Nf6 9. f4 e6 10. O-O Bd6 11. d3 O-O 12. Nd2 Bd7 13. Qf3 b5 14. e4 Bc6 15. Nxc6 Qxc6 16. e5 1-0


[Site "https://www.chess.com"]

[Event "Titled Tuesday Blitz February 28 Late 2023"]
[White "Abdyzhaparov, Aidar"]
[Black "Ricaurte Lopez, Juan Carlos"]
[WhiteFideId "13800361"]
[BlackFideId "3600327"]
[WhiteElo "2002"]
[BlackElo "2209"]
[Result "1-0"]
[Round "05"]
[TimeControl "180+2"]
[Date "2023.02.28"]
[WhiteClock "0:01:36"]
[BlackClock "0:00:03"]

1. Nf3 d5 2. c4 d4 3. e3 c5 4. b4 d3 5. b5 Bf5 6. Nh4 Be4 7. f3 g5 8. Bb2 gxh4 9. fxe4 Nf6 10. e5 Ng8 11. e6 Nf6 12. Bxf6 exf6 13. Qh5 Qe7 14. Qxf7+ Qxf7 15. exf7+ Kxf7 16. Bxd3 Nd7 17. Be4 Rb8 18. O-O Bd6 19. Nc3 Be5 20. Rad1 Bxc3 21. dxc3 Ne5 22. Rd6 Ke7 23. Rfxf6 Rbf8 24. Rde6+ Kd7 25. Rxf8 1-0


[Site "https://www.chess.com"]

[Event "Titled Tuesday Blitz February 28 Late 2023"]
[White "Torres Dominguez, David"]
[Black "Szente Varga, Fruzsina"]
[WhiteFideId "2220857"]
[BlackFideId "712264"]
[WhiteElo "1999"]
[BlackElo "1994"]
[Result "1/2-1/2"]
[Round "05"]
[TimeControl "180+2"]
[Date "2023.02.28"]
[WhiteClock "0:01:11"]
[BlackClock "0:00:34"]

1. e4 Nf6 2. Nc3 d5 3. d3 dxe4 4. Nxe4 Nxe4 5. dxe4 Qxd1+ 6. Kxd1 Nc6 7. Be3 Bg4+ 8. f3 O-O-O+ 9. Kc1 Bh5 10. Nh3 e5 11. Bc4 f6 12. c3 a6 13. a4 Kb8 14. Nf2 g5 15. a5 Bg6 16. Kc2 h5 17. h3 Be7 18. Bd3 Bf7 19. Rhd1 Be6 20. b4 Rdg8 21. Be2 f5 22. exf5 Bxf5+ 23. Bd3 Be6 24. Be4 Na7 25. Bd5 Rg6 26. Bxe6 Rxe6 27. Re1 Nb5 28. Rad1 Rc6 29. Ne4 g4 30. Kb3 b6 31. axb6 cxb6 32. Ra1 Kb7 33. fxg4 hxg4 34. hxg4 Rhc8 35. Rec1 Rg6 36. g5 Nd6 37. Nxd6+ Rxd6 38. Rd1 Rdc6 39. Rac1 Rg6 40. Rd5 Bxg5 41. Rxe5 Bxe3 42. Rxe3 Rxg2 43. Rd1 Rc7 44. Rde1 Rgg7 45. Rd1 Rg6 46. Red3 Rgc6 47. Kb2 b5 48. Re1 Kb6 49. Ree3 a5 50. bxa5+ Kxa5 51. Kb3 Rh7 52. Rd5 Rh1 53. Ree5 Rb6 54. c4 Rh3+ 55. Kc2 Kb4 56. Rxb5+ Rxb5 57. cxb5 Rh2+ 58. Kd3 Rh4 59. b6 Rh6 60. b7 Rb6 61. Re7 Kc5 62. Ke4 Kc6 63. Re6+ Kxb7 64. Rxb6+ Kxb6 1/2-1/2


[Site "https://www.chess.com"]

[Event "Titled Tuesday Blitz February 28 Late 2023"]
[White "mohsengabr2002"]
[Black "Vanek, Tomas"]
[BlackFideId "313459"]
[WhiteElo "2336"]
[BlackElo "2052"]
[Result "1-0"]
[Round "05"]
[TimeControl "180+2"]
[Date "2023.02.28"]
[WhiteClock "0:00:17"]
[BlackClock "0:00:11"]

1. h4 d5 2. h5 h6 3. b3 e5 4. Bb2 Bd6 5. Nf3 Qe7 6. e3 Nf6 7. d4 Nbd7 8. c4 c6 9. Nc3 O-O 10. Qc2 exd4 11. Nxd4 Nc5 12. O-O-O a6 13. Nf5 Bxf5 14. Qxf5 b5 15. cxd5 b4 16. Ne2 Nce4 17. f3 Nc3 18. Nxc3 Qxe3+ 19. Kb1 bxc3 20. Bc1 Qf2 21. dxc6 Rad8 22. Qc2 Qc5 23. Bxa6 Nd5 24. a3 Ra8 25. Bc4 Qxc4 26. bxc4 Rfb8+ 27. Ka1 Bxa3 28. Bxa3 Rxa3+ 29. Qa2 Rxa2+ 30. Kxa2 Nb4+ 31. Ka3 Nc2+ 32. Ka4 Ne3 33. c7 Rc8 34. Rd8+ Rxd8 35. cxd8=Q+ Kh7 36. Qd3+ 1-0


[Site "https://www.chess.com"]

[Event "Titled Tuesday Blitz February 28 Late 2023"]
[White "Manu_ChessExcelsior"]
[Black "Van Foreest, Machteld"]
[BlackFideId "1051563"]
[WhiteElo "1980"]
[BlackElo "2018"]
[Result "0-1"]
[Round "05"]
[TimeControl "180+2"]
[Date "2023.02.28"]
[WhiteClock "0:00:15"]
[BlackClock "0:00:24"]

1. e4 c5 2. Nf3 e6 3. g3 d5 4. exd5 exd5 5. Qe2+ Be7 6. Bg2 Nf6 7. O-O O-O 8. d4 Nc6 9. dxc5 Bxc5 10. h3 Re8 11. Qb5 Bb6 12. Nc3 Bf5 13. Bg5 d4 14. Nd5 Qxd5 15. Qxd5 Nxd5 16. Nh4 Be4 17. Bxe4 Rxe4 18. Nf5 Re5 19. g4 g6 20. f4 Re2 21. Nh6+ Kg7 22. f5 Ne3 23. fxg6 Nxf1 24. Rxf1 d3+ 25. Kh1 Rf2 26. Nf5+ Kxg6 27. Rxf2 Bxf2 28. h4 dxc2 29. Bc1 h5 30. Kg2 hxg4 31. Nh6 g3 32. Ng4 Re8 33. h5+ Kf5 34. Nh6+ Kf6 35. Ng4+ Kf5 36. Nh6+ Ke4 37. Nxf7 Kd3 38. Nd6 Rh8 39. h6 Be3 40. Nf7 Bxc1 41. Nxh8 Bxh6 42. Nf7 c1=Q 43. b4 Qf4 44. Ne5+ Nxe5 45. b5 Qf2+ 46. Kh3 Qh2# 0-1


[Site "https://www.chess.com"]

[Event "Titled Tuesday Blitz February 28 Late 2023"]
[White "Bulgurlu, Okan"]
[Black "Desideri, Ricardo Maruchi"]
[WhiteFideId "6352316"]
[BlackFideId "2110440"]
[WhiteElo "2326"]
[BlackElo "1945"]
[Result "1-0"]
[Round "05"]
[TimeControl "180+2"]
[Date "2023.02.28"]
[WhiteClock "0:02:26"]
[BlackClock "0:00:44"]

1. e4 c5 2. Nf3 d6 3. Bb5+ Nd7 4. Bxd7+ Bxd7 5. O-O e5 6. h3 Bc6 7. Re1 Nf6 8. c3 g6 9. d4 cxd4 10. cxd4 Bxe4 11. dxe5 Bxf3 12. Qxf3 dxe5 13. Rxe5+ Kd7 14. Bg5 Bg7 15. Rd5+ Nxd5 16. Bxd8 Raxd8 17. Qxd5+ Ke7 18. Qxb7+ Rd7 19. Qe4+ Kd8 20. Nc3 Re8 21. Qa8+ Ke7 22. Re1+ 1-0


[Site "https://www.chess.com"]

[Event "Titled Tuesday Blitz February 28 Late 2023"]
[White "Ward, Ieuan C"]
[Black "Dorato, Adriano"]
[WhiteFideId "406627"]
[BlackFideId "2802894"]
[WhiteElo "2320"]
[BlackElo "1709"]
[Result "1-0"]
[Round "05"]
[TimeControl "180+2"]
[Date "2023.02.28"]
[WhiteClock "0:02:04"]
[BlackClock "0:00:38"]

1. d4 d5 2. Nf3 Nf6 3. g3 g6 4. Bg2 Bg7 5. O-O O-O 6. Bg5 c6 7. Nbd2 Bf5 8. Ne5 Nbd7 9. c4 dxc4 10. e4 Nxe5 11. dxe5 Be6 12. exf6 exf6 13. Be3 Qe7 14. Qc2 b5 15. Rad1 Rfd8 16. b3 cxb3 17. Nxb3 Bc4 18. Rxd8+ Rxd8 19. Rd1 Qb4 20. Rxd8+ Bf8 21. Qd2 1-0


[Site "https://www.chess.com"]

[Event "Titled Tuesday Blitz February 28 Late 2023"]
[White "Mendez Machado, Andre"]
[Black "Haszon, David"]
[WhiteFideId "6603793"]
[BlackFideId "733610"]
[WhiteElo "1989"]
[BlackElo "2210"]
[Result "0-1"]
[Round "05"]
[TimeControl "180+2"]
[Date "2023.02.28"]
[WhiteClock "0:00:01"]
[BlackClock "0:00:51"]

1. e4 c5 2. Nc3 Nc6 3. Bb5 g6 4. Bxc6 dxc6 5. d3 e5 6. Nge2 Bg7 7. O-O Ne7 8. f4 O-O 9. Qe1 f6 10. b3 h6 11. f5 gxf5 12. exf5 Bxf5 13. Qh4 Kh7 14. Kh1 Bg6 15. Rf3 Nf5 16. Qg4 Nd4 17. Rg3 Qe8 18. Nxd4 cxd4 19. Ne2 f5 20. Qh4 f4 21. Rh3 Qd8 22. Qxd8 Raxd8 23. Ba3 Rfe8 24. Ng1 e4 25. dxe4 d3 26. Rc1 d2 27. Rd1 Bxe4 28. Bb4 Bxc2 29. Rxd2 Be4 30. Rxd8 Rxd8 31. Rh4 Be5 32. h3 b6 33. Kh2 c5 0-1


[Site "https://www.chess.com"]

[Event "Titled Tuesday Blitz February 28 Late 2023"]
[White "Kovacs, Klara"]
[Black "Michalski, Olaf"]
[WhiteFideId "733210"]
[BlackFideId "1106740"]
[WhiteElo "2179"]
[BlackElo "2173"]
[Result "1-0"]
[Round "05"]
[TimeControl "180+2"]
[Date "2023.02.28"]
[WhiteClock "0:01:14"]
[BlackClock "0:00:01"]

1. d4 d6 2. e4 Nc6 3. Nc3 Nf6 4. Be3 e5 5. d5 Nb8 6. Be2 Be7 7. Qd2 Ng4 8. f3 Nxe3 9. Qxe3 O-O 10. Bd3 c6 11. dxc6 bxc6 12. Nge2 Bg5 13. Qf2 Qb6 14. Qxb6 axb6 15. h4 Be3 16. Nd1 Bc5 17. c3 b5 18. Kd2 Be6 19. Ne3 Rxa2 20. Rxa2 Bxa2 21. Ra1 Be6 22. b4 Bb6 23. Ng3 g6 24. h5 Nd7 25. Ra6 Rb8 26. h6 f6 27. Ne2 Kf7 28. g3 Rb7 29. Ra8 Ra7 30. Rh8 Nf8 31. f4 Ra2+ 32. Nc2 Bg4 33. Nc1 Ra7 34. f5 gxf5 35. exf5 d5 36. Ne3 Bxe3+ 37. Kxe3 e4 38. Be2 Bxf5 39. Nb3 Ne6 40. g4 Bg6 41. Rc8 Rc7 42. Rb8 Ng5 43. Nd4 Ne6 44. Nb3 f5 45. gxf5 Bxf5 46. Bh5+ Bg6 47. Bxg6+ Kxg6 48. Re8 Ng5 49. Nd4 Kxh6 50. Rg8 Nf7 51. Rg3 Kh5 52. Ne6 h6 53. Nxc7 1-0


[Site "https://www.chess.com"]

[Event "Titled Tuesday Blitz February 28 Late 2023"]
[White "Gatterer, Florian"]
[Black "Tsukerman, Julia"]
[WhiteFideId "811688"]
[BlackFideId "2621649"]
[WhiteElo "2221"]
[BlackElo "1667"]
[Result "1-0"]
[Round "05"]
[TimeControl "180+2"]
[Date "2023.02.28"]
[WhiteClock "0:01:36"]
[BlackClock "0:00:57"]

1. b3 d5 2. Bb2 e6 3. e3 Nf6 4. Nf3 Be7 5. c4 O-O 6. Be2 c5 7. d4 Nc6 8. O-O b6 9. dxc5 Bxc5 10. Nc3 dxc4 11. Bxc4 Bb7 12. Qe2 Qe7 13. Rfd1 Rfd8 14. h3 h6 15. Ba6 Rac8 16. Rxd8+ Rxd8 17. Bxb7 Qxb7 18. Rd1 Qe7 19. Kf1 Nb4 20. a3 Nbd5 21. b4 Nxc3 22. Bxc3 Rxd1+ 23. Qxd1 Bd6 24. Qd4 Nd5 25. Qxg7# 1-0


[Site "https://www.chess.com"]

[Event "Titled Tuesday Blitz February 28 Late 2023"]
[White "Poeta, Caio Medeiros"]
[Black "Skaric, Djuro"]
[WhiteFideId "2142660"]
[BlackFideId "934569"]
[WhiteElo "2191"]
[BlackElo "2282"]
[Result "1-0"]
[Round "05"]
[TimeControl "180+2"]
[Date "2023.02.28"]
[WhiteClock "0:00:01"]
[BlackClock "0:00:12"]

1. d4 d6 2. c4 g6 3. Nc3 Bg7 4. e4 Nf6 5. f3 O-O 6. Be3 Nc6 7. Nge2 e5 8. d5 Ne7 9. g4 c6 10. h4 b5 11. g5 Nh5 12. cxb5 cxd5 13. Nxd5 Nxd5 14. Qxd5 Be6 15. Qd2 d5 16. exd5 Bxd5 17. Bg2 Bc4 18. Nc3 Qe7 19. O-O-O Rac8 20. Kb1 Ng3 21. Rhg1 Nf5 22. Bf2 Rfd8 23. Qe1 Nd6 24. Nd5 Bxd5 25. Rxd5 Qb7 26. f4 Qc7 27. Rc5 Qd7 28. Rxc8 Rxc8 29. fxe5 Qf5+ 30. Ka1 Bxe5 31. Bg3 Bxb2+ 32. Kxb2 Qc2+ 33. Ka1 Nc4 34. Qc1 Qd3 35. Bc6 Qd4+ 36. Kb1 Qd3+ 37. Ka1 Qd4+ 38. Kb1 Nd2+ 39. Kc2 Ne4 40. Qe1 Qc4+ 41. Kb1 Nc3+ 42. Kb2 Na4+ 43. Ka3 Nc5 44. Qb4 Qd3+ 45. Kb2 Ne6 46. Be5 Qe2+ 47. Kb1 Qe3 48. Re1 Qd3+ 49. Ka1 a5 50. Qb2 a4 51. Bf6 a3 52. Qe5 Qd2 53. Qe2 Qb4 54. Rd1 h5 55. Qd2 Qc5 56. Qd6 Qc3+ 57. Bxc3 Rd8 58. Qxd8+ Nxd8 59. Rxd8+ 1-0


[Site "https://www.chess.com"]

[Event "Titled Tuesday Blitz February 28 Late 2023"]
[White "Govender, Kaedan"]
[Black "Nery Junior, Jose Antonio"]
[WhiteFideId "14322072"]
[BlackFideId "2104822"]
[WhiteElo "1957"]
[BlackElo "2197"]
[Result "0-1"]
[Round "05"]
[TimeControl "180+2"]
[Date "2023.02.28"]
[WhiteClock "0:01:24"]
[BlackClock "0:02:08"]

1. d4 d5 2. c4 c6 3. Nc3 Nf6 4. cxd5 cxd5 5. Nf3 Nc6 6. g3 Bf5 7. Bg2 e6 8. O-O Bd6 9. Nh4 Bg6 10. Nxg6 hxg6 11. e4 dxe4 12. Nxe4 Nxe4 13. Bxe4 Rc8 14. d5 exd5 15. Bxd5 O-O 16. Bg2 Qf6 17. Bg5 Qxg5 18. Qxd6 Rfd8 19. Qa3 Rd7 20. Qb3 Nd4 21. Qd3 Rc2 22. b4 Ne2+ 23. Qxe2 Rxe2 0-1


[Site "https://www.chess.com"]

[Event "Titled Tuesday Blitz February 28 Late 2023"]
[White "Li, Hui"]
[Black "Lopez Perdomo, Juan David"]
[WhiteFideId "15400310"]
[BlackFideId "4405137"]
[WhiteElo "1967"]
[BlackElo "1965"]
[Result "1-0"]
[Round "05"]
[TimeControl "180+2"]
[Date "2023.02.28"]
[WhiteClock "0:00:15"]
[BlackClock "0:00:18"]

1. e4 e6 2. d4 d5 3. Nd2 Nf6 4. e5 Nfd7 5. Bd3 c5 6. c3 Nc6 7. Ne2 Be7 8. O-O O-O 9. f4 f5 10. exf6 Bxf6 11. Nf3 cxd4 12. Nexd4 Nc5 13. Be3 Nxd3 14. Qxd3 Qd6 15. Rfe1 a6 16. g3 Bd7 17. Nxc6 Bxc6 18. Bd4 Bb5 19. Qd2 Rae8 20. Re3 Bxd4 21. Qxd4 Rc8 22. Rae1 Rc4 23. Qe5 Qxe5 24. Nxe5 Rc7 25. Rd1 Rd8 26. Nf3 Rd6 27. Nd4 Bd7 28. Rde1 Kf7 29. Nf3 Rb6 30. Ne5+ Ke7 31. R1e2 Be8 32. Rd2 g6 33. Nf3 Kf6 34. Nd4 Re7 35. Kf2 Bf7 36. Ke1 e5 37. fxe5+ Rxe5 38. Rxe5 Kxe5 39. Kd1 Rf6 40. Ke1 Kd6 41. Rf2 Rxf2 42. Kxf2 Ke5 43. Ke3 g5 44. Nf3+ Kf5 45. h3 h5 46. h4 Kg4 47. Nxg5 d4+ 48. cxd4 Bxa2 49. Ne4 Kf5 50. Nd6+ Kg4 51. Ne4 a5 52. Kf2 b5 53. Nf6+ Kf5 54. Nxh5 b4 55. Nf4 b3 56. Ne2 a4 57. Nc3 Kg4 58. Nxa4 Bb1 59. Nc3 Be4 60. Nxe4 Kh3 61. Nd2 Kh2 62. Nxb3 Kh3 63. d5 Kg4 64. d6 Kh3 65. d7 Kh2 66. d8=Q Kh3 67. h5 Kh2 68. h6 Kh3 69. h7 Kg4 70. h8=Q Kf5 71. Qdf6+ Ke4 72. Qd4+ Kf5 73. Qhf6# 1-0


[Site "https://www.chess.com"]

[Event "Titled Tuesday Blitz February 28 Late 2023"]
[White "Kujawski, Adam"]
[Black "Gamage, Wanshini Vidusama"]
[WhiteFideId "1100920"]
[BlackFideId "9953752"]
[WhiteElo "2054"]
[BlackElo "2189"]
[Result "0-1"]
[Round "05"]
[TimeControl "180+2"]
[Date "2023.02.28"]
[WhiteClock "0:00:01"]
[BlackClock "0:00:27"]

1. e4 c5 2. Nf3 d6 3. d4 cxd4 4. Nxd4 Nf6 5. Nc3 a6 6. Bg5 e6 7. f4 Be7 8. Qf3 Qc7 9. O-O-O Nbd7 10. Bd3 b5 11. Rhe1 Bb7 12. Qg3 b4 13. Nd5 exd5 14. exd5 Kd8 15. Nc6+ Bxc6 16. dxc6 Qxc6 17. Bxf6 Nxf6 18. Qxg7 Re8 19. Rxe7 Kxe7 20. Re1+ Kd7 21. Qxf7+ Kc8 22. Re6 Rxe6 23. Qxe6+ Kc7 24. Qxf6 Rd8 25. Bxh7 Qxg2 26. b3 Qxh2 27. Bd3 Qh1+ 28. Kb2 Qc6 29. f5 Qd5 30. Bxa6 Qe5+ 31. Qxe5 dxe5 32. Bd3 Rd4 33. a3 e4 34. Bb5 bxa3+ 35. Kxa3 e3 36. f6 Rf4 37. Kb2 Rxf6 38. Kc3 Rd6 39. Bd3 Kd7 40. b4 Kc6 41. Be4+ Kb5 42. Bd3+ Kb6 43. Be4 Re6 44. Bd3 e2 0-1


[Site "https://www.chess.com"]

[Event "Titled Tuesday Blitz February 28 Late 2023"]
[White "rikchessmx"]
[Black "Davidson, Kevin"]
[BlackFideId "2056810"]
[WhiteElo "2165"]
[BlackElo "2151"]
[Result "0-1"]
[Round "05"]
[TimeControl "180+2"]
[Date "2023.02.28"]
[WhiteClock "0:00:50"]
[BlackClock "0:00:05"]

1. e4 c5 2. Nf3 d6 3. d4 cxd4 4. Nxd4 Nf6 5. Nc3 a6 6. f4 g6 7. Be3 Bg7 8. Be2 O-O 9. g4 Nc6 10. h4 Nxd4 11. Bxd4 b5 12. g5 Ne8 13. Bxg7 Nxg7 14. h5 Bb7 15. Bf3 Ne6 16. Qd2 b4 17. Ne2 Qc7 18. O-O-O Rac8 19. Kb1 a5 20. hxg6 fxg6 21. Bg4 Nc5 22. Bxc8 Rxc8 23. Ng3 Nxe4 24. Nxe4 Bxe4 25. Rc1 Bxh1 26. Rxh1 a4 27. Qh2 e6 28. Qe2 Qc4 29. Qh2 Rc7 30. f5 exf5 31. Rc1 a3 32. Qxd6 axb2 33. Qd8+ Kf7 34. Kxb2 Qc3+ 35. Kb1 f4 36. Qd5+ Kg7 37. Qd6 f3 38. Qg3 Rf7 39. Qf2 Qe5 40. Re1 Qxg5 41. Qd4+ Qf6 42. Qxb4 f2 43. Rf1 Qf4 44. Qc3+ Qf6 45. Qxf6+ Rxf6 46. Kc1 g5 47. Kd2 g4 48. Ke2 g3 49. c4 g2 50. Rxf2 g1=Q 51. Rxf6 Kxf6 52. Kd3 Ke5 53. c5 Qxc5 54. a4 Qb4 55. Kc2 Qxa4+ 0-1


[Site "https://www.chess.com"]